 Dungeon Crawl Stone Soup version 0.22-a0-445-g8c8ef71 (webtiles) character file.

138680 tilp the Gelid (level 17, -9/128 HPs)
             Began as a Merfolk Ice Elementalist on June 2, 2018.
             Was the Champion of Makhleb.
             Mangled by a merfolk
             ... wielding a +0 trident
              (17 damage)
             ... on level 2 of the Shoals.
             The game lasted 02:23:59 (39556 turns).

tilp the Gelid (Merfolk Ice Elementalist)          Turns: 39556, Time: 02:24:01

Health: -9/128     AC: 15    Str: 12      XL:     17   Next: 26%
Magic:  27/29      EV: 27    Int: 18 (19) God:    Makhleb [******]
Gold:   1235       SH:  3    Dex: 27      Spells: 22/32 levels left

rFire    + + .     SeeInvis +   a - +2 halberd (venom)
rCold    + . .     Gourm    .   (shield currently unavailable)
rNeg     . . .     Faith    .   U - +4 leather armour "Itotogig" {Dex+8}
rPois    .         Spirit   .   X - +2 helmet
rElec    .         Reflect  +   Q - scarf {rC+ rF+}
rCorr    +         Harm     .   y - +1 pair of gloves of the Shoals {rF+ rCorr}
MR       +....                  H - +2 pair of boots
Stlth    +++.......             v - +3 amulet of reflection
HPRegen  0.31/turn              Z - ring "Mykk" {*Slow Str+2 Dex+4 Slay+3 SInv}
MPRegen  0.21/turn              P - +2 ring of slaying

@: no status effects
A: change form in water, swift swim, stealthy swim
a: Minor Destruction, Lesser Servant of Makhleb, Major Destruction, Greater
Servant of Makhleb, Renounce Religion


You were on level 2 of the Shoals.
You worshipped Makhleb.
Makhleb was exalted by your worship.
You were hungry.

You visited 6 branches of the dungeon, and saw 29 of its levels.

You collected 3026 gold pieces.
You spent 1791 gold pieces at shops.

Inventory:

Hand Weapons
 a - a +2 halberd of venom (weapon)
 b - a +0 scimitar of flaming
 e - a +0 halberd of freezing
 D - a +1 glaive
Missiles
 C - 45 tomahawks (quivered)
Armour
 y - the +1 pair of gloves of the Shoals (worn) {rF+ rCorr}
   (You found it on level 1 of the Lair of Beasts)

   It protects you from fire.
   It protects you from acid and corrosion.
 H - a +2 pair of boots (worn)
 Q - a scarf of resistance (worn)
 U - the +4 leather armour "Itotogig" (worn) {Dex+8}
   (You found it on level 6 of the Lair of Beasts)

   It affects your dexterity (+8).
 X - a +2 helmet (worn)
Jewellery
 f - an uncursed ring of ice
 v - a +3 amulet of reflection (around neck)
 x - the amulet "Zustetez" {-Tele rC+ rN+ Regen+ Slay+3}
   (You took it off a deep elf mage on level 10 of the Dungeon)

   [amulet of regeneration]

   It affects your accuracy and damage with ranged weapons and melee attacks
   (+3).
   It protects you from cold.
   It protects you from negative energy.
   It prevents most forms of teleportation.
   It increases your rate of regeneration.
 z - an uncursed ring of see invisible
 N - an uncursed amulet of the acrobat
 P - a +2 ring of slaying (right hand)
 Y - an uncursed ring of protection from magic
 Z - the ring "Mykk" (left hand) {*Slow Str+2 Dex+4 Slay+3 SInv}
   (You took it off an orc warrior on level 11 of the Dungeon)

   [ring of strength]

   It affects your strength (+2).
   It affects your dexterity (+4).
   It affects your accuracy and damage with ranged weapons and melee attacks
   (+3).
   It lets you see invisible.
   It may slow you when you take damage.
Wands
 k - a wand of iceblast (7)
 F - a wand of paralysis (9)
 G - a wand of disintegration (38)
 J - a wand of acid (16)
 O - a wand of scattershot (5)
 R - a wand of polymorph (20)
Scrolls
 d - 17 scrolls of teleportation
 j - 2 scrolls of summoning
 l - 6 scrolls of fog
 o - 7 scrolls of magic mapping
 q - 8 scrolls of identify
 r - 8 scrolls of amnesia
 w - 4 scrolls of fear
 E - a scroll of blinking
 K - 2 scrolls of brand weapon
 L - a scroll of enchant armour
 M - 11 scrolls of remove curse
Potions
 h - 3 potions of agility
 i - 6 potions of haste
 m - 3 potions of flight
 n - 7 potions of curing
 p - 2 potions of cancellation
 s - a potion of resistance
 u - 3 potions of heal wounds
 A - 6 potions of brilliance
 B - 4 potions of might
 I - a potion of ambrosia
 T - 5 potions of mutation
Miscellaneous
 t - a phial of floods
 S - 3 phantom mirrors
 W - 2 boxes of beasts
Comestibles
 c - 31 rations
 g - 3 chunks of flesh


   Skills:
 + Level 10.2 Fighting
 - Level 16.2 Polearms
 - Level 14.0 Dodging
 - Level 2.1 Stealth
 - Level 8.0 Spellcasting
 - Level 4.0 Conjurations
 - Level 8.0 Charms
 - Level 20.0 Ice Magic
 - Level 5.0 Invocations
 - Level 8.0 Evocations


You had 22 spell levels left.
You knew the following spells:

 Your Spells              Type           Power        Failure   Level  Hunger
a - Freeze                Ice            ####         0%          1    None
b - Throw Frost           Conj/Ice       ######       1%          2    None
c - Ozocubu's Armour      Chrm/Ice       ######..     1%          3    #......
d - Throw Icicle          Conj/Ice       ######..     1%          4    ###....

Your spell library contained the following spells:

 Spells                   Type           Power        Failure   Level  Hunger
 Magic Dart               Conj           ###.         2%          1    None
 Fireball                 Conj/Fire      ##........   83%         5    #####..
 Bolt of Fire             Conj/Fire      ##........   100%        6    ######.
 Ring of Flames           Chrm/Fire      ###.......   100%        7    #######
 Summon Small Mammal      Summ           #...         12%         1    None
 Bolt of Draining         Conj/Necr      ##........   83%         5    #####..
 Lehudib's Crystal Spear  Conj/Erth      ##........   100%        8    #######
 Fire Storm               Conj/Fire      ##........   100%        9    #######
 Iskenderun's Mystic Bla  Conj           ###.....     24%         4    ###....
 Pain                     Necr           #...         12%         1    None
 Summon Ice Beast         Ice/Summ       #####...     1%          4    ###....
 Call Imp                 Summ           #.......     19%         2    None
 Poison Arrow             Conj/Pois      ##........   100%        6    ######.
 Sublimation of Blood     Necr           #.........   19%         2    None
 Corpse Rot               Necr           N/A          19%         2    None
 Stone Arrow              Conj/Erth      ##....       16%         3    #......
 Spider Form              Tmut/Pois      #.........   36%         3    #......
 Statue Form              Tmut/Erth      #........    100%        6    ######.
 Glaciate                 Conj/Ice       ######....   100%        9    #######
 Ignite Poison            Fire/Tmut/Pois #.......     36%         3    #......
 Sticks to Snakes         Tmut           #.......     19%         2    None
 Call Canine Familiar     Summ           #.......     36%         3    #......
 Alistair's Intoxication  Tmut/Pois      #.......     98%         5    #####..
 Simulacrum               Ice/Necr       #####.....   30%         6    ######.
 Chain Lightning          Conj/Air       ##........   100%        8    #######
 Petrify                  Tmut/Erth      #.......     77%         4    ###....
 Leda's Liquefaction      Hex/Erth       #.........   77%         4    ###....
 Summon Hydra             Summ           #.........   100%        7    #######
 Aura of Abjuration       Summ           #.........   98%         5    #####..
 Beastly Appendage        Tmut           #.....       12%         1    None
 Iskenderun's Battlesphe  Conj/Chrm      ####....     28%         5    #####..
 Fulminant Prism          Conj/Hex       ##........   47%         4    ###....
 Dazzling Spray           Conj/Hex       ##....       16%         3    #......
 Force Lance              Conj/Tloc      ##......     47%         4    ###....
 Infusion                 Chrm           ####         1%          1    None
 Searing Ray              Conj           ###...       3%          2    None
 Summon Forest            Summ/Tloc      #.........   98%         5    #####..
 Summon Lightning Spire   Summ/Air       #.......     77%         4    ###....
 Summon Guardian Golem    Hex/Summ       #.......     36%         3    #......
 Hydra Form               Tmut           #.........   100%        6    ######.
 Ignition                 Fire           #.........   100%        8    #######


Dungeon Overview and Level Annotations

Branches:
Dungeon (15/15)            Temple (1/1) D:4            Lair (6/6) D:10
 Shoals (2/4) Lair:3       Spider (3/4) Lair:3        Slime (0/5) Lair:6
    Orc (2/2) D:9             Elf (0/3) Orc:2        Vaults (0/5) D:13
 Depths (0/5) D:15

Altars:
Ashenzari
Cheibriados
Dithmenos
Elyvilon
Fedhas
Gozag
Hepliaklqana
Kikubaaqudgha
Makhleb
Nemelex Xobeh
Okawaru
Qazlal
Ru
Sif Muna
Trog
Uskayaw
Vehumet
Wu Jian
Xom
Yredelemnul
Zin
The Shining One
Beogh

Shops:
D:7 (   D:12 *!   Orc:2 [*[[(

Annotations:
Spider:1 Asterion


Message History

A merfolk comes into view. It is wielding a trident.
You feel sick.
A merfolk comes into view. It is wielding a trident.
Found a potion of lignification.
The merfolk shouts!
The merfolk javelineer shouts!
The merfolk shouts!
Found a stone staircase leading down.
You are feeling hungry.
You feel sick.
The merfolk javelineer throws a javelin.
The javelin hits you!!
* * * LOW HITPOINT WARNING * * *
The merfolk hits the plant with a trident!
You see here a javelin.
You feel better.
The merfolk hits you from afar with a trident!
* * * LOW HITPOINT WARNING * * *
The merfolk javelineer throws a javelin.
The javelin hits you but does no damage.
The merfolk hits you from afar with a trident!
You die...

≈≈≈≈≈≈≈§§≈§≈≈≈≈≈≈≈≈≈≈≈≈≈≈≈≈
≈≈≈≈≈§§§≈§§§≈≈≈≈≈≈≈≈≈≈≈≈≈≈≈
≈≈...m§§§§§§...≈≈≈.≈≈≈≈≈≈≈≈
(≈...§tm§§§§≈≈≈≈≈...≈≈≈≈≈≈≈
≈..#######mt.≈≈≈≈..≈≈≈≈≈≈≈≈
#m...m.....≈≈≈≈≈≈≈
####mmPm..≈..≈≈≈≈≈≈≈≈
#......P....#.≈≈≈≈≈≈≈
#.≈≈@P≈PmPP##..≈≈≈≈≈≈
#..≈≈≈P..PPPP###.≈≈≈≈≈
#.≈≈≈≈.P###PP##....≈≈≈
....≈≈≈≈P.###PP.....≈≈≈≈
.!...≈≈≈.P...P.....≈≈≈≈≈
......≈≈≈.....<.≈≈.≈≈≈≈≈
..>...≈≈≈......≈≈≈≈≈≈≈≈≈
≈.≈..≈≈≈≈≈.≈..≈≈≈≈≈≈...≈
≈≈≈≈≈≈≈≈≈≈≈≈≈≈..≈≈


You could see a merfolk javelineer, a snapping turtle, 5 merfolk and a merfolk
siren.

Vanquished Creatures
  Rupert (D:14)
  Kirke (Spider:1)
  An orc warlord (Orc:2)
  3 ghost moths (Spider:2)
  2 entropy weavers
  A spark wasp (Spider:3)
  Josephine (D:9)
  2 fire dragons (D:15)
  Fannar (D:11)
  Erolcha (D:13)
  5 hydras
  2 merfolk avatars
  4 centaur warriors
  An ogre mage (D:15)
  19 two-headed ogres
  A merfolk aquamancer (Shoals:2)
  3 tengu warriors (D:14)
  3 orc high priests
  The ghost of Thaneod the Destroyer, a novice DEAE of Vehumet (D:10)
  3 sea snakes
  5 unseen horrors
  4 lindwurms (Lair:4)
  A lindwurm (shapeshifter) (D:11)
  6 harpies
  3 necromancers
  An orange crystal statue (Lair:2)
  3 orc knights
  4 fauns (Shoals:1)
  7 orb spiders
  13 wolf spiders
  A manticore (Shoals:1)
  2 orc sorcerers
  2 deep elf magi
  11 ugly things
  3 oklob plants (Lair:4)
  2 cyclopes
  A moth of wrath (Spider:1)
  8 elephants
  Joseph (D:8)
  A merfolk siren (Lair:3)
  15 spiny frogs
  4 black mambas
  3 gargoyles
  18 komodo dragons
  3 kobold demonologists
  5 rime drakes
  10 demonic crawlers
  26 jumping spiders
  11 trolls
  A polar bear (Lair:6)
  4 merfolk (Shoals:1)
  2 hornets
  4 wind drakes
  15 blink frogs
  4 snapping turtles (Shoals:1)
  8 hippogriffs
  4 shadows
  A centaur simulacrum (D:14)
  11 tarantellas
  29 redbacks
  4 wraiths
  2 wyverns
  A vampire (D:13)
  A human (Spider:1)
  A human (shapeshifter) (D:11)
  37 yaks
  A basilisk (Lair:5)
  A hog (Spider:1)
  3 water elementals
  5 vampire mosquitoes
  2 wargs (Orc:2)
  5 hungry ghosts
  11 water moccasins
  2 acid dragons
  A soldier ant (D:13)
  4 porcupines
  4 ice beasts
  A meliai simulacrum (D:15)
  36 orc warriors
  9 ogres
  9 wolves
  5 sky beasts
  4 boggarts (D:14)
  13 centaurs
  17 crocodiles
  5 big kobolds
  16 bullfrogs
  4 earth elementals (D:12)
  8 scorpions
  2 wyvern skeletons (D:11)
  A water moccasin skeleton (D:7)
  4 electric eels
  15 killer bees
  4 howler monkeys
  A vampire bat (Lair:6)
  7 crimson imps
  A bullfrog zombie (D:9)
  4 centaur zombies
  8 jellies
  7 hounds
  4 bullfrog skeletons
  27 orc priests
  37 orc wizards
  3 centaur skeletons
  A gnoll shaman (D:6)
  3 iguanas
  8 worker ants
  A yak simulacrum (Lair:3)
  3 hell rats (Lair:2)
  A killer bee zombie (D:9)
  3 polar bear simulacra (Lair:3)
  5 wolf simulacra (Lair:3)
  A hound zombie (D:4)
  4 gnolls
  10 adders
  6 river rats (Lair:2)
  4 shadow imps
  3 adder skeletons
  3 worms
  A dart slug (D:3)
  5 leopard geckos
  115 orcs
  3 ball pythons
  5 giant cockroaches
  7 hobgoblins
  12 jackals
  19 kobolds
  A quokka (D:7)
  17 bats
  4 frilled lizards
  14 goblins
  A leopard gecko skeleton (D:5)
  13 rats
  2 river rat simulacra (Lair:3)
  A fungus (Lair:2)
  2 plants
928 creatures vanquished.

Vanquished Creatures (collateral kills)
  2 hydras (Lair:3)
  Erica (Lair:1)
  2 harpies (Shoals:1)
  An orc sorcerer (Orc:2)
  A komodo dragon (Lair:1)
  2 yaks (Lair:1)
  A redback (Lair:3)
  An orc warrior (Orc:2)
  2 orcs (Orc:2)
13 creatures vanquished.

Vanquished Creatures (others)
  3 humans (Spider:2)
  An orc priest (D:15)
  An adder (D:10)
  A quokka (D:6)
  19 fungi
  27 plants
52 creatures vanquished.

Grand Total: 993 creatures vanquished

Notes
Turn   | Place    | Note
-------+----------+-------------------------------------------
     0 | D:1      | tilp the Merfolk Ice Elementalist began the quest for the Orb.
     0 | D:1      | Reached XP level 1. HP: 13/13 MP: 3/3
   267 | D:1      | Reached XP level 2. HP: 19/19 MP: 1/5
   271 | D:1      | Learned a level 2 spell: Throw Frost
   352 | D:1      | Reached skill level 4 in Ice Magic
  1100 | D:2      | Reached XP level 3. HP: 22/24 MP: 0/6
  1105 | D:2      | Learned a level 3 spell: Ozocubu's Armour
  1401 | D:2      | Reached skill level 5 in Ice Magic
  1628 | D:2      | Noticed an ogre
  2821 | D:3      | Reached XP level 4. HP: 9/30 MP: 0/7
  3382 | D:3      | Found a white marble altar of Elyvilon.
  3383 | D:3      | Noticed an angel
  3417 | D:3      | Found a runed door.
  3783 | D:3      | Reached skill level 6 in Ice Magic
  3945 | D:4      | Reached XP level 5. HP: 34/35 MP: 5/8
  4347 | D:4      | Found a staircase to the Ecumenical Temple.
  4405 | Temple   | Entered the Ecumenical Temple
  4455 | Temple   | Became a worshipper of Makhleb the Destroyer
  4525 | D:4      | Reached skill level 7 in Ice Magic
  4525 | D:4      | Reached XP level 6. HP: 35/41 MP: 5/9
  4527 | D:4      | Reached skill level 1 in Fighting
  4861 | D:4      | Found a sacrificial altar of Ru.
  5417 | D:5      | Entered Level 5 of the Dungeon
  5493 | D:5      | Found a basalt altar of Yredelemnul.
  5555 | D:5      | Reached XP level 7. HP: 35/53 MP: 0/10
  6405 | D:6      | Reached skill level 5 in Dodging
  6716 | D:6      | Reached XP level 8. HP: 58/61 MP: 9/11
  6879 | D:6      | Reached * piety under Makhleb
  7070 | D:6      | Found a blossoming altar of Fedhas.
  7071 | D:6      | Found an ancient bone altar of Kikubaaqudgha.
  7087 | D:6      | Found a white marble altar of Elyvilon.
  7148 | D:6      | Reached skill level 1 in Invocations
  7553 | D:6      | Found a deep blue altar of Sif Muna.
  7555 | D:6      | Found a sparkling altar of Nemelex Xobeh.
  8562 | D:6      | Found an opulent altar of Gozag.
  8562 | D:6      | Found a basalt altar of Yredelemnul.
  8752 | D:7      | Found Adep's Weapon Shop.
  8779 | D:7      | Got a crystal falchion
  8934 | D:7      | Got a bloodstained spear {holy}
  8942 | D:7      | Identified the +5 spear of Ash {holy, MR+} (You took it off an orc on level 7 of the Dungeon)
  8944 | D:7      | Identified the +6 falchion of Araata Osysh {venom, Int+3} (You found it on level 7 of the Dungeon)
  9109 | D:8      | Noticed Joseph
  9142 | D:8      | Reached skill level 5 in Invocations
  9208 | D:8      | Reached skill level 1 in Polearms
  9336 | D:8      | Noticed a hippogriff
  9343 | D:8      | Killed a hippogriff
  9343 | D:8      | Reached skill level 5 in Polearms
  9343 | D:8      | Reached XP level 9. HP: 55/66 MP: 5/12
  9952 | D:8      | Killed Joseph
 10704 | D:9      | Reached ** piety under Makhleb
 10704 | D:9      | Reached skill level 10 in Polearms
 10837 | D:9      | Noticed a two-headed ogre
 11000 | D:9      | Noticed a troll
 11053 | D:9      | Noticed a two-headed ogre
 11108 | D:9      | Noticed a centaur warrior
 11119 | D:9      | Killed a centaur warrior
 11119 | D:9      | Reached XP level 10. HP: 51/73 MP: 2/13
 11393 | D:9      | Reached skill level 8 in Ice Magic
 11438 | D:9      | Noticed a two-headed ogre
 11647 | D:9      | Found a staircase to the Orcish Mines.
 11695 | D:9      | Noticed a two-headed ogre
 11732 | D:9      | Killed a two-headed ogre
 11732 | D:9      | Reached skill level 9 in Ice Magic
 12558 | D:9      | Killed a two-headed ogre
 12558 | D:9      | Reached skill level 10 in Ice Magic
 12759 | D:9      | Reached skill level 1 in Charms
 12935 | D:9      | Killed a two-headed ogre
 12935 | D:9      | Reached XP level 11. HP: 68/78 MP: 11/14
 13075 | D:10     | Entered Level 10 of the Dungeon
 13075 | D:10     | Noticed a four-headed hydra
 13075 | D:10     | Noticed a two-headed ogre
 13148 | D:10     | Noticed Thaneod's ghost (novice DEAE)
 13302 | D:10     | Reached skill level 1 in Conjurations
 13385 | D:10     | Learned a level 4 spell: Throw Icicle
 13540 | D:10     | Reached skill level 1 in Evocations
 13653 | D:10     | Reached *** piety under Makhleb
 14096 | D:9      | Reached skill level 5 in Fighting
 14217 | D:10     | Killed a two-headed ogre
 14565 | D:10     | Noticed a deep elf mage
 14595 | D:10     | Killed a deep elf mage
 14604 | D:10     | Got a coiled ruby amulet
 14896 | D:10     | Found a staircase to the Lair.
 15035 | Lair:1   | Entered Level 1 of the Lair of Beasts
 15504 | Lair:1   | Got a pair of fine gloves
 15510 | Lair:1   | Identified the +1 pair of gloves of the Shoals {rF+ rCorr} (You found it on level 1 of the Lair of Beasts)
 15601 | Lair:1   | Identified the amulet "Zustetez" {-Tele rC+ rN+ Regen+ Slay+3} (You took it off a deep elf mage on level 10 of the Dungeon)
 15884 | Lair:1   | Reached **** piety under Makhleb
 15995 | Lair:1   | Noticed Erica
 16000 | Lair:1   | Reached skill level 10 in Dodging
 16020 | Lair:1   | Killed Erica
 16020 | Lair:1   | Reached XP level 12. HP: 46/92 MP: 15/15
 17764 | Lair:3   | Reached skill level 15 in Polearms
 17779 | Lair:3   | Found a hole to the Spider Nest.
 17999 | Lair:3   | Noticed an eight-headed hydra
 18033 | Lair:3   | Killed a seven-headed hydra
 18337 | Lair:3   | You fall through a shaft!
 18458 | Lair:4   | Got a fine morningstar
 18604 | Lair:3   | Reached skill level 11 in Ice Magic
 18877 | Lair:3   | Reached XP level 13. HP: 98/98 MP: 16/16
 18957 | Lair:3   | Found a staircase to the Shoals.
 18970 | Lair:3   | Reached skill level 12 in Ice Magic
 19861 | Lair:4   | Reached skill level 13 in Ice Magic
 20738 | Lair:4   | Identified the Guide on Contamination and the Escort
 21017 | Lair:5   | Reached skill level 14 in Ice Magic
 21690 | Lair:5   | Reached skill level 5 in Evocations
 21890 | Lair:6   | Entered Level 6 of the Lair of Beasts
 22064 | Lair:5   | Reached ***** piety under Makhleb
 22506 | Lair:6   | Reached skill level 5 in Charms
 22554 | Lair:6   | Reached XP level 14. HP: 105/105 MP: 15/20
 22689 | Lair:6   | Got a twisted leather armour
 23261 | Lair:6   | Found a staircase to the Slime Pits.
 23442 | Lair:6   | Found a hazy altar of Hepliaklqana.
 23695 | Lair:6   | Got a turquoise-studded leather armour
 23888 | Lair:6   | Identified the +4 leather armour "Itotogig" {Dex+8} (You found it on level 6 of the Lair of Beasts)
 23898 | Lair:6   | Identified the +3 leather armour of Epsyrgha {rF- rCorr Str+2 Dex+4} (You found it on level 6 of the Lair of Beasts)
 23910 | Lair:6   | Identified the +1 morningstar of Tysuocha {holy, *Drain rF+++ rC- Int+5} (You found it on level 4 of the Lair of Beasts)
 24585 | Orc:1    | Entered Level 1 of the Orcish Mines
 24585 | Orc:1    | Noticed Josephine
 24860 | D:9      | Killed Josephine
 25039 | Orc:2    | Entered Level 2 of the Orcish Mines
 25237 | Orc:2    | Found a roughly hewn altar of Beogh.
 25261 | Orc:2    | Found a staircase to the Elven Halls.
 25417 | Orc:2    | Found Haomu's Assorted Antiques.
 25517 | Orc:2    | Reached ****** piety under Makhleb
 25567 | Orc:2    | Found a roughly hewn altar of Beogh.
 25607 | Orc:2    | Found a roughly hewn altar of Beogh.
 25913 | Orc:2    | Found a roughly hewn altar of Beogh.
 25919 | Orc:2    | Found Vaj Jomm's Antique Armour Shop.
 26006 | Orc:2    | Found a roughly hewn altar of Beogh.
 26007 | Orc:2    | Found Jaumioz's Antique Armour Shop.
 26393 | Orc:2    | Reached skill level 15 in Ice Magic
 26474 | Orc:2    | Noticed an orc warlord
 26526 | Orc:2    | Killed an orc warlord
 26596 | Orc:2    | Found Suligro's Antique Weapon Shop.
 26597 | Orc:2    | Found a roughly hewn altar of Beogh.
 26598 | Orc:2    | Found Furamuiv's Antique Armour Boutique.
 27389 | Orc:2    | Bought a glowing coral ring for 150 gold pieces
 27389 | Orc:2    | Bought a leatherbound book for 450 gold pieces
 27389 | Orc:2    | Bought a potion of heal wounds for 150 gold pieces
 27389 | Orc:2    | Bought a scroll of enchant armour for 225 gold pieces
 27389 | Orc:2    | Bought a potion of mutation for 240 gold pieces
 27418 | Orc:2    | Bought a runed scarf for 264 gold pieces
 27606 | Lair:2   | Identified the Grimoire of Evil Enhancements
 27823 | D:10     | Killed Thaneod's ghost
 27968 | D:11     | Reached skill level 16 in Ice Magic
 27968 | D:11     | Reached XP level 15. HP: 110/110 MP: 15/21
 28486 | D:11     | Got a brightly glowing wooden ring
 28589 | D:11     | You fall through a shaft!
 28668 | D:11     | Found a white marble altar of Elyvilon.
 28849 | D:11     | Noticed Fannar
 28868 | D:11     | Killed Fannar
 29129 | D:11     | Found a runed door.
 29153 | D:11     | Found a runed door.
 29233 | D:11     | Identified the Catalogue of Changing
 29306 | D:11     | Reached skill level 17 in Ice Magic
 29360 | D:12     | Found Uczaephu's Distillery.
 29375 | D:12     | Bought a potion of haste for 130 gold pieces
 29375 | D:12     | Bought a potion of might for 52 gold pieces
 29375 | D:12     | Bought a potion of haste for 130 gold pieces
 29515 | D:12     | Found Reigoaha's Pet Rocks.
 29941 | D:12     | Identified the ring "Mykk" {*Slow Str+2 Dex+4 Slay+3 SInv} (You took it off an orc warrior on level 11 of the Dungeon)
 30044 | D:13     | Got a smoking leather armour
 30660 | D:13     | Noticed Erolcha
 30673 | D:13     | Killed Erolcha
 30693 | D:13     | Found a gate to the Vaults.
 31179 | D:14     | Reached skill level 18 in Ice Magic
 31853 | D:14     | Found the +8 demon blade "Leech" {vamp, rN+ AC-3 EV-3}
 31865 | D:14     | Noticed Rupert
 32421 | D:14     | Killed Rupert
 32421 | D:14     | Reached skill level 10 in Fighting
 32606 | D:15     | Entered Level 15 of the Dungeon
 32759 | D:14     | Reached XP level 16. HP: 122/122 MP: 4/22
 33736 | D:15     | Found a staircase to the Depths.
 33997 | D:11     | Identified the cursed +0 leather armour "Hoem" {-Cast rPois Regen+ rCorr Stlth-} (You found it on level 13 of the Dungeon)
 34299 | Spider:1 | Entered Level 1 of the Spider Nest
 35110 | Spider:2 | Noticed Kirke
 35130 | Spider:1 | Killed Kirke
 35130 | Spider:1 | Reached skill level 19 in Ice Magic
 35179 | Spider:1 | Noticed Asterion
 36946 | Spider:2 | Reached skill level 20 in Ice Magic
 37397 | Spider:3 | Reached skill level 5 in Spellcasting
 37713 | Spider:3 | Reached XP level 17. HP: 128/128 MP: 21/25
 38089 | Shoals:1 | Entered Level 1 of the Shoals
 39556 | Shoals:2 | Mangled by a merfolk

Vault maps used:
D:1:      dpeg_arrival_connections
D:2:      first_ration
D:3:      cheibrodos_greedy_goblins, minivault_24, lemuel_angel_altar
D:4:      minmay_temple_entry_crystal_x, nicolae_ru_awakened_eye
D:5:      basic_altar
D:6:      grunt_temple_overflow_growth_and_decay,
          nicolae_overflow_hidden_temple, elyvilon_altar_4
D:7:      serial_shops, nicolae_shop_waterfront
D:8:      serial_bayou, serial_bayou_pond_a, serial_bayou_lagoon_a,
          serial_bayou_pond_d, serial_bayou_shore_a, uniq_joseph
D:9:      minmay_ornate_pinched
D:10:     david_lair_shrubbed, blue_anna_alchemist
D:11:     minmay_the_grid_triangle_9x9_recursive_3_mashed, basic_altar,
          uniq_fannar
D:12:     serial_shops, nicolae_shop_statue_plus, guppyfry_shop_earth
D:13:     david_vaults_1, minmay_unpleasant_kobolds, uniq_erolcha
D:14:     minmay_misc_feat_doors, hangedman_decor_opposing,
          hangedman_decor_lopped, uniq_rupert
D:15:     grunt_enter_depths_hoard, st_stairs_11
Temple:   eino_wide_crystal_templ
Lair:1:   serial_bayou_shore_b, uniq_erica
Lair:2:   statuecave_lemuel, kennysheep_abandoned_house
Lair:3:   elwin_shoals_entry_rooms, nicolae_spider_entry_tight_spaces,
          eino_house_with_fridge, infiniplex_staircase_pool_2
Lair:4:   minmay_lindwurm_lava, minmay_lair_oklob_chamber
Lair:6:   gammafunk_lair_ancient_temple, minmay_slime_entry_pillars,
          basic_altar, roderic_batcave
Spider:1: uniq_asterion
Spider:2: uniq_kirke
Orc:1:    minmay_orc_barracks, uniq_josephine
Orc:2:    grunt_orc_community_town_hall, grunt_orc_community_big_house_1,
          grunt_orc_community_big_house_2, grunt_orc_community_house_3,
          grunt_orc_community_house_1, grunt_orc_community_house_3,
          grunt_orc_community_house_2, grunt_orc_community_house_2,
          grunt_orc_community_house_1, serial_shops, nicolae_shop_crystal

Skill      XL: |  1  2  3  4  5  6  7  8  9 10 11 12 13 14 15 16 17 |
---------------+----------------------------------------------------+-----
Ice Magic      | 4 5 6 7 10 11 14 16 18 20 | 20.0
Fighting       | 3 4 8 10 | 10.2
Dodging        | 6 8 11 12 14 | 14.0
Invocations    | 5 |  5.0
Polearms       | 5 13 16 | 16.2
Charms         | 4 5 8 |  8.0
Conjurations   | 2 4 |  4.0
Evocations     | 4 8 |  8.0
Spellcasting   | 4 5 8 |  8.0
Stealth        | |  2.1

Action                   |  1- 3 |  4- 6 |  7- 9 | 10-12 | 13-15 | 16-18 || total
-------------------------+-------+-------+-------+-------+-------+-------++-------
Melee: Dagger            |    45 |   119 |   151 |       |       |       ||   315
       Unarmed           |     1 |       |       |       |       |       ||     1
       Falchion          |       |       |    44 |   244 |       |       ||   288
       Spear             |       |       |    30 |    18 |       |       ||    48
       Halberd           |       |       |       |   286 |  1689 |   804 ||  2779
       Scimitar          |       |       |       |     3 |    21 |       ||    24
       Tailslap          |       |       |       |       |     1 |    11 ||    12
Throw: Stone             |     1 |     2 |       |       |       |       ||     3
       Tomahawk          |       |       |     3 |    13 |     9 |    12 ||    37
 Cast: Freeze            |    70 |    53 |   111 |    45 |    11 |     2 ||   292
       Ozocubu's Armour  |     6 |     8 |    27 |    56 |    98 |    46 ||   241
       Throw Frost       |       |     3 |    14 |    12 |       |       ||    29
       Throw Icicle      |       |       |       |     7 |    52 |    28 ||    87
Invok: Minor Destruction |       |       |       |    13 |       |       ||    13
       Lesser Servant of |       |       |       |     6 |     8 |       ||    14
Evoke: Wand              |       |       |       |     1 |     2 |       ||     3
       Box of beasts     |       |       |       |       |       |     1 ||     1
  Use: Scroll            |     5 |     3 |    13 |     5 |    11 |     6 ||    43
       Potion            |       |     1 |       |     3 |     4 |     4 ||    12
 Stab: Sleeping          |     2 |     3 |     5 |     7 |    11 |     6 ||    34
       Distracted        |       |       |     1 |       |     5 |     5 ||    11
  Eat: Chunk             |     5 |     8 |    20 |    30 |    52 |    19 ||   134
       Ration            |     1 |     1 |     1 |     2 |     4 |     3 ||    12
Armor: Robe              |    16 |    28 |    60 |   127 |   113 |       ||   344
       Skin              |       |    27 |       |       |       |       ||    27
       Leather armour    |       |       |       |       |   223 |   223 ||   446
Dodge: Dodged            |    60 |    91 |   238 |   536 |  1299 |  1087 ||  3311
Block: Other             |       |       |       |       |       |    30 ||    30
       Reflection        |       |       |       |       |       |     1 ||     1
       Rpst.: Falchion   |       |       |    14 |    64 |       |       ||    78
       Scimitar          |       |       |       |       |     5 |       ||     5

Table legend:
 A = Spawn XP
 B = Non-spawn XP
 C = Spawn XP percentage of total XP
 D = Spawn monster count
 E = Non-spawn monster count
 F = Spawn count percentage of total count
 G = Total turns spent on level
                    A         B        C        D         E        F      G
               +---------+---------+-------+---------+---------+-------+---------
         Total |       0 |  198115 |   0.0 |       0 |     937 |   0.0 | 39556
               +---------+---------+-------+---------+---------+-------+---------
           D:1 |       0 |      29 |   0.0 |       0 |      18 |   0.0 |  1313
           D:2 |       0 |      45 |   0.0 |       0 |      20 |   0.0 |  1218
           D:3 |       0 |      89 |   0.0 |       0 |      28 |   0.0 |  1400
           D:4 |       0 |     390 |   0.0 |       0 |      18 |   0.0 |  1411
           D:5 |       0 |     309 |   0.0 |       0 |      13 |   0.0 |  1335
           D:6 |       0 |     780 |   0.0 |       0 |      20 |   0.0 |   866
           D:7 |       0 |     285 |   0.0 |       0 |      13 |   0.0 |  1607
           D:8 |       0 |    1881 |   0.0 |       0 |      24 |   0.0 |  1827
           D:9 |       0 |   11485 |   0.0 |       0 |      51 |   0.0 |  3064
          D:10 |       0 |    6237 |   0.0 |       0 |      38 |   0.0 |  2061
          D:11 |       0 |   11618 |   0.0 |       0 |      53 |   0.0 |  1462
          D:12 |       0 |    4755 |   0.0 |       0 |      16 |   0.0 |   682
          D:13 |       0 |    8649 |   0.0 |       0 |      42 |   0.0 |  1224
          D:14 |       0 |   17093 |   0.0 |       0 |      56 |   0.0 |  1712
          D:15 |       0 |   14831 |   0.0 |       0 |      30 |   0.0 |  1047
        Lair:1 |       0 |    5010 |   0.0 |       0 |      24 |   0.0 |  1443
        Lair:2 |       0 |    6512 |   0.0 |       0 |      38 |   0.0 |  1456
        Lair:3 |       0 |    9153 |   0.0 |       0 |      46 |   0.0 |  1830
        Lair:4 |       0 |    8595 |   0.0 |       0 |      21 |   0.0 |  1522
        Lair:5 |       0 |    8473 |   0.0 |       0 |      32 |   0.0 |  1556
        Lair:6 |       0 |   14919 |   0.0 |       0 |      57 |   0.0 |  1608
      Shoals:1 |       0 |   10569 |   0.0 |       0 |      23 |   0.0 |  1389
      Shoals:2 |       0 |    2107 |   0.0 |       0 |       5 |   0.0 |    78
      Spider:1 |       0 |   12397 |   0.0 |       0 |      30 |   0.0 |   999
      Spider:2 |       0 |   19010 |   0.0 |       0 |      42 |   0.0 |  1978
      Spider:3 |       0 |    9215 |   0.0 |       0 |      25 |   0.0 |   767
         Orc:1 |       0 |    4224 |   0.0 |       0 |      49 |   0.0 |   827
         Orc:2 |       0 |    9455 |   0.0 |       0 |     105 |   0.0 |  1799
               +---------+---------+-------+---------+---------+-------+---------
